 Dungeon Crawl Stone Soup version 0.19.5 (webtiles) character file.

273138 Peloso the Hoplite (level 19, -13/181 HPs)
             Began as a Minotaur Fighter on Apr 11, 2017.
             Was the Champion of Okawaru.
             Killed from afar by a fire dragon (42 damage)
             ... with a blast of flame
             ... on level 1 of the Elven Halls on Apr 12, 2017.
             The game lasted 02:36:34 (38706 turns).

Peloso the Hoplite (Minotaur Fighter)              Turns: 38706, Time: 02:36:34

Health: -13/181    AC: 44    Str: 34    XL:     19   Next: 49%
Magic:  18/19      EV: 12    Int:  9    God:    Okawaru [******]
Gold:   906        SH: 27    Dex: 14    Spells: 0 memorised, 18 levels left

rFire  x . .     SeeInvis .     T - +0 scimitar (flame)
rCold  x . .     Gourm    .     I - +5 crystal plate armour "Eneosiwo" {rC- Int+2 Slay+5}
rNeg   . . .     Faith    .     H - +2 shield {reflect}
rPois  +         Spirit   .     K - +2 hat
rElec  +         Reflect  +     J - +0 cloak of Tenacity {rElec rPois rF- Str+7}
rCorr  +         Harm     .     w - +0 pair of gloves of Compassion {rElec MR- Regen+ rCorr}
MR     +++..                    X - +2 pair of boots of the Loofah {*Slow rElec MR+ Str+2}
Stlth  ..........               Q - +5 amulet of reflection
                                V - ring of protection from magic
                                U - ring of protection from magic

@: heroism, barbed spikes
A: retaliatory headbutt, horns 2, clever 1
a: Heroism, Finesse, Renounce Religion
}: 2/15 runes: serpentine, barnacled


You were on level 1 of the Elven Halls.
You worshipped Okawaru.
Okawaru was exalted by your worship.
You were hungry.

You visited 7 branches of the dungeon, and saw 33 of its levels.
You visited the Abyss 1 time.
You also visited: Labyrinth, Sewer, Bailey and Ice Cave.

You collected 4043 gold pieces.
You spent 3137 gold pieces at shops.

Inventory:

Hand Weapons
 e - a +4 long sword of electrocution
 p - a +0 double sword of protection
 T - a +0 scimitar of flaming (weapon)
Armour
 w - the +0 pair of gloves of Compassion (worn) {rElec MR- Regen+ rCorr}
   (You found it on level 2 of the Lair of Beasts)

   It insulates you from electricity.
   It affects your resistance to hostile enchantments.
   It increases your rate of regeneration.
   It protects you from acid and corrosion.
 y - a +2 cloak of magic resistance
 H - a +2 shield of reflection (worn)
 I - the +5 crystal plate armour "Eneosiwo" (worn) {rC- Int+2 Slay+5}
   (You found it in a labyrinth)

   It affects your intelligence (+2).
   It affects your accuracy and damage with ranged weapons and melee attacks
   (+5).
   It makes you vulnerable to cold.
 J - the +0 cloak of Tenacity (worn) {rElec rPois rF- Str+7}
   (You bought it in a shop on level 2 of the Orcish Mines)

   It affects your strength (+7).
   It makes you vulnerable to fire.
   It insulates you from electricity.
   It protects you from poison.
 K - a +2 hat (worn)
 X - the +2 pair of boots of the Loofah (worn) {*Slow rElec MR+ Str+2}
   (Okawaru gifted it to you on level 6 of the Lair of Beasts)

   It affects your strength (+2).
   It insulates you from electricity.
   It affects your resistance to hostile enchantments.
   It may slow you when you take damage.
Jewellery
 m - an uncursed ring of positive energy {unknown}
 q - an uncursed amulet of magic regeneration {unknown}
 N - a +3 ring of protection
 Q - a +5 amulet of reflection (around neck)
 U - a ring of protection from magic (left hand)
 V - a ring of protection from magic (right hand)
Wands
 a - a wand of iceblast (10/15)
 i - a wand of digging (7/24)
 r - a wand of digging (12/24)
 s - a wand of disintegration (12/24)
 D - a wand of disintegration (13/24)
 P - a wand of heal wounds (3/9)
Scrolls
 n - a scroll of fog
 v - 11 scrolls of teleportation
 x - a scroll of blinking
 z - 6 scrolls of identify
 G - 4 scrolls of recharging
 M - 8 scrolls of remove curse
 O - 4 scrolls of fear
 S - 7 scrolls of magic mapping
Potions
 b - a potion of invisibility
 c - a potion of resistance
 d - 8 potions of might
 j - 8 potions of heal wounds
 k - 12 potions of curing
 l - 7 potions of haste
 A - 4 potions of agility
 C - 6 potions of flight
 E - 3 potions of berserk rage
Comestibles
 f - 19 bread rations
 g - 10 royal jellies
 h - a slice of pizza
 o - 18 meat rations
 t - a chunk of flesh
 Y - 10 beef jerkies
 Z - 6 fruits


   Skills:
 + Level 18.7(23.7) Fighting
 + Level 19.3(24.3) Long Blades
 + Level 19.1(24.1) Armour
 + Level 3.1(8.1) Dodging
 + Level 1.3(6.3) Stealth
 + Level 23.1(27) Shields
 + Level 1.9 Invocations
 + Level 1.4 Evocations


You had 18 spell levels left.
You didn't know any spells.

Dungeon Overview and Level Annotations

Branches:
Dungeon (15/15)            Temple (1/1) D:4            Lair (6/6) D:10
 Shoals (4/4) Lair:2        Snake (4/4) Lair:4        Slime (0/5) Lair:5
    Orc (2/2) D:11            Elf (1/3) Orc:2        Vaults (0/5) D:14
 Depths (0/5) D:15

Altars:
Ashenzari
Cheibriados
Dithmenos
Elyvilon
Fedhas
Gozag
Kikubaaqudgha
Makhleb
Nemelex Xobeh
Okawaru
Qazlal
Ru
Sif Muna
Trog
Uskayaw
Vehumet
Xom
Yredelemnul
Zin
The Shining One
Jiyva

Shops:
D:4 %   D:10 =   D:13 [   D:15 (   Orc:1 [!   Orc:2 [!}}   Shoals:2 [
Snake:3 =}=

Portals:
Trove: D:11 (give +6 demon blade)


Innate Abilities, Weirdness & Mutations

You reflexively headbutt those who attack you in melee.
You have a pair of horns on your head.
Your mind is acute. (Int +2)


Message History

The fire dragon is lightly wounded.
The fire dragon breathes flames at you. The blast of flame hits you!
The fire burns you terribly!
* * * LOW HITPOINT WARNING * * *
Unknown command.
You hit the fire dragon.
The fire dragon is lightly wounded.
Unknown command.
You feel much better. You block the fire dragon's attack. x3
You barely miss the fire dragon.
The fire dragon is lightly wounded.
You block the fire dragon's attack.
The fire dragon claws you but does no damage.
You block the fire dragon's attack.
Unknown command.
You slice the fire dragon!! You burn the fire dragon.
The fire dragon is heavily wounded.
The fire dragon breathes flames at you. The blast of flame hits you!
The fire burns you terribly!
You die...

##.## ##...##
###'####.## #)##
##'...# #.# ##.## (##
########.###†########
##.## ## #.....#(##
#.#......# ##.# #
##....)'## #.#...D..#
##. ## #.......#
#.#DH.D2.### ## .#
#.......# #†#HD.H.
#.# # ## #.(.....#
#†#Dl. #.####### #
##....>## #@#.#
####.'......
#.....'## #†DD#
#)...#######
#######.##
#.#####'#..#
##.###+####)#####
##'..(..#.##
##.....'## #.......#
##.......#
#.........#


You could see a fire dragon and an eight-headed hydra.

Vanquished Creatures
  Mara (Snake:4)
  Frances (Shoals:2)
  4 sphinxes (Elf:1)
  Polyphemus (Shoals:2)
  Roxanne (Snake:4)
  Ilsuiw (Shoals:4)
  6 nagarajas
  A frost giant (Shoals:4)
  The ghost of ShornTheSheep the Impaler, an adept GrBe of Trog (Snake:2)
  Louise (Snake:4)
  Aizul (Snake:3)
  The ghost of maxonian the Champion of Chaos, an adept VSFi of Makhleb (Snake:4)
  2 very ugly things (IceCv)
  A war gargoyle (D:13)
  The ghost of janiczek the Cleaver, a journeyman MiBe of Trog (D:13)
  Snorg (Lair:3)
  A minotaur (Lab)
  5 merfolk javelineers
  4 merfolk impalers
  A fire dragon (Elf:1)
  5 vault guards (D:14)
  Josephine (Orc:1)
  13 naga warriors
  The ghost of MudBrick2 the Cleaver, a journeyman DsGl of Uskayaw (IceCv)
  3 merfolk avatars
  5 merfolk aquamancers
  5 catoblepae
  3 centaur warriors
  15 hydras
  Erica (D:11)
  10 anacondas
  A tengu warrior (D:13)
  9 dancing weapons (Elf:1)
  2 ogre magi
  5 orc high priests (Orc:2)
  6 shock serpents
  14 naga sharpshooters
  15 death yaks
  5 deep elf knights (Elf:1)
  4 salamander mystics
  A sun demon (Abyss:3)
  5 skeletal warriors (D:11)
  2 unseen horrors
  15 sea snakes
  7 naga ritualists
  4 hill giants
  Pikel (D:4)
  20 deep elf magi
  6 deep elf archers (Elf:1)
  11 mana vipers
  A wolf spider (Lair:5)
  7 fauns
  20 harpies
  5 orc knights
  24 manticores
  18 salamanders
  An orc sorcerer (D:14)
  10 ugly things
  3 cyclopes
  12 sirens
  11 elephants
  26 black mambas
  Psyche (D:8)
  5 ice statues (IceCv)
  Maurice (D:11)
  22 naga magi
  12 gargoyles
  8 water nymphs
  4 spiny frogs
  A torpor snail (Lair:6)
  An efreet (D:10)
  A yaktaur (shapeshifter) (D:15)
  3 rime drakes
  8 centaur skeletons
  5 komodo dragons
  An anaconda simulacrum (IceCv)
  A yaktaur (D:14)
  A tengu conjurer (D:13)
  A troll (shapeshifter) (D:15)
  A merfolk (shapeshifter) (D:15)
  A hornet (Lair:5)
  2 two-headed ogres
  5 polar bears
  11 trolls
  5 wind drakes
  38 merfolk
  8 snapping turtles
  5 dream sheep (Lair:6)
  20 blink frogs
  12 hippogriffs
  21 slime creatures
  A meliai zombie (D:12)
  A shadow (D:14)
  7 water elementals
  3 redbacks (Lab)
  41 yaks
  5 wraiths (Orc:1)
  A hungry ghost (D:9)
  4 wyverns
  2 basilisks (Lair:1)
  Grum (D:11)
  A fire elemental (Elf:1)
  3 vampire mosquitoes (D:14)
  9 wargs
  2 iron troll simulacra (IceCv)
  A mottled dragon (D:15)
  A harpy simulacrum (IceCv)
  The ghost of teko the Cudgeler, an amateur GrMo (D:3)
  2 soldier ants
  3 hydra simulacra (IceCv)
  70 nagas
  9 water moccasins
  4 hell hounds (Elf:1)
  2 slaves (D:4)
  6 porcupines
  11 ice beasts
  5 sky beasts
  2 black bears
  47 orc warriors
  2 ettin simulacra (IceCv)
  2 eyes of draining
  15 ogres
  A phantom (D:11)
  8 boggarts (D:15)
  5 wolves
  18 centaurs
  7 big kobolds
  13 crocodiles
  22 bullfrogs
  2 wyvern zombies
  2 wyvern skeletons
  3 scorpions
  21 wights
  3 howler monkeys
  2 centaur zombies
  7 crimson imps
  5 hounds
  4 jellies
  A quasit (D:7)
  2 bullfrog zombies
  3 bullfrog skeletons
  29 orc priests
  Ijyb (D:3)
  4 iguanas
  22 orc wizards
  8 worker ants
  4 hound skeletons
  A hound zombie (D:5)
  A howler monkey zombie (D:9)
  A worker ant zombie (D:5)
  Robin (D:3)
  19 adders
  5 shadow imps
  9 oozes
  3 adder skeletons
  3 worms
  A dart slug (D:1)
  9 leopard geckos
  83 orcs
  7 ball pythons
  6 giant cockroaches
  22 goblins
  16 hobgoblins
  10 jackals
  43 kobolds
  6 quokkas
  11 bats
  10 frilled lizards
  A giant cockroach zombie (D:5)
  A jackal zombie (D:5)
  16 rats
  3 fungi (Lair:1)
  3 plants
1326 creatures vanquished.

Vanquished Creatures (others)
  2 merfolk javelineers
  A fire dragon (Elf:1)
  A merfolk aquamancer (Shoals:2)
  A satyr (Shoals:4)
  A death yak (Lair:6)
  A deep elf archer (Elf:1)
  A faun (Shoals:3)
  2 manticores
  A shadow (D:11)
  A naga (Snake:3)
  2 orcs (D:10)
  A bush (Lair:6)
  7 fungi
  6 plants
28 creatures vanquished.

Grand Total: 1354 creatures vanquished

Notes
Turn   | Place    | Note
-------+----------+-------------------------------------------
     0 | D:1      | Peloso the Minotaur Fighter began the quest for the Orb.
     0 | D:1      | Reached XP level 1. HP: 19/19 MP: 0/0
   119 | D:1      | Reached XP level 2. HP: 27/27 MP: 1/1
   277 | D:1      | Reached skill level 4 in Shields
   745 | D:2      | Reached XP level 3. HP: 33/33 MP: 2/2
  1532 | D:3      | Reached XP level 4. HP: 40/40 MP: 3/3
  1565 | D:3      | Noticed Ijyb
  1588 | D:3      | Killed Ijyb
  1778 | D:3      | Noticed teko's ghost (amateur GrMo)
  1919 | D:3      | Killed teko's ghost
  1919 | D:3      | Reached skill level 5 in Armour
  1919 | D:3      | Reached XP level 5. HP: 35/47 MP: 4/4
  2126 | D:3      | Noticed Robin
  2159 | D:3      | Reached skill level 5 in Shields
  2167 | D:3      | Killed Robin
  2167 | D:3      | Reached XP level 6. HP: 42/53 MP: 5/5
  2336 | D:3      | Reached skill level 5 in Long Blades
  2336 | D:3      | Reached skill level 1 in Dodging
  2727 | D:3      | Reached skill level 5 in Fighting
  2888 | D:4      | Found a stormy altar of Qazlal.
  3200 | D:4      | Noticed a slave
  3200 | D:4      | Noticed a slave
  3219 | D:4      | Reached XP level 7. HP: 54/61 MP: 6/6
  3300 | D:4      | Found Unepots's Food Emporium.
  3318 | D:4      | Noticed Pikel
  3347 | D:4      | Killed Pikel
  3347 | D:4      | Reached skill level 6 in Shields
  3521 | D:4      | Reached XP level 8. HP: 70/70 MP: 7/7
  3608 | D:4      | Found a staircase to the Ecumenical Temple.
  3621 | Temple   | Entered the Ecumenical Temple
  3681 | Temple   | Became a worshipper of Warmaster Okawaru
  3748 | D:5      | Entered Level 5 of the Dungeon
  3976 | D:5      | Found a glowing drain.
  3993 | Sewer    | Entered a sewer
  4389 | D:5      | Reached skill level 7 in Shields
  4580 | D:5      | Reached * piety under Okawaru
  4868 | D:6      | Reached XP level 9. HP: 65/78 MP: 6/8
  5651 | D:7      | Reached ** piety under Okawaru
  5651 | D:7      | Reached skill level 10 in Long Blades
  5651 | D:7      | Reached skill level 8 in Shields
  6393 | D:8      | Noticed Psyche
  6400 | D:8      | Paralysed by Psyche for 3 turns
  6409 | D:8      | Killed Psyche
  6616 | D:8      | Reached skill level 9 in Shields
  6660 | D:8      | Noticed a cyclops
  6689 | D:8      | Killed a cyclops
  6695 | D:8      | Reached XP level 10. HP: 45/86 MP: 4/9
  6980 | D:7      | Reached *** piety under Okawaru
  7370 | D:8      | Killed an unseen horror
  7727 | D:9      | Identified a scroll of acquirement
  7730 | D:9      | Got an ichor-stained scimitar
  7928 | D:9      | Reached skill level 10 in Shields
  8063 | D:9      | Found a flagged portal.
  8084 | Bailey   | Entered a bailey
  8159 | Bailey   | Reached skill level 1 in Invocations
  8405 | Bailey   | Found a burning altar of Makhleb.
  8907 | D:9      | Reached **** piety under Okawaru
  8945 | D:9      | Identified the +5 scimitar "Doco" {vamp, +Inv rF- rN+ Int+3} (You acquired it on level 9 of the Dungeon)
  9243 | D:10     | Entered Level 10 of the Dungeon
  9268 | D:10     | Found Dilolioch's Jewellery Boutique.
  9510 | D:10     | Reached ***** piety under Okawaru
  9510 | D:10     | Reached XP level 11. HP: 95/95 MP: 10/10
 10110 | D:10     | Found a staircase to the Lair.
 10433 | Lair:1   | Entered Level 1 of the Lair of Beasts
 10475 | Lair:1   | Reached skill level 10 in Armour
 10518 | Lair:1   | Reached skill level 11 in Shields
 10766 | Lair:1   | Noticed a five-headed hydra
 10776 | Lair:1   | Killed a one-headed hydra
 11277 | Lair:1   | Got a faintly glowing hand axe
 11478 | Lair:1   | Received a gift from Okawaru
 11579 | Lair:1   | Identified the +4 hand axe of Spring {holy, rF+} (You found it on level 1 of the Lair of Beasts)
 11611 | Lair:2   | Reached skill level 1 in Stealth
 11888 | Lair:2   | Reached skill level 10 in Fighting
 11970 | Lair:2   | Got a pair of warped gloves
 11976 | Lair:2   | Identified the cursed +0 pair of gloves of Compassion {rElec MR- Regen+ rCorr} (You found it on level 2 of the Lair of Beasts)
 12022 | Lair:2   | Reached skill level 12 in Shields
 12085 | Lair:2   | Found a staircase to the Shoals.
 12357 | Lair:3   | Noticed Snorg
 12369 | Lair:3   | Killed Snorg
 12369 | Lair:3   | Reached XP level 12. HP: 103/106 MP: 11/11
 12539 | Lair:3   | Noticed a four-headed hydra
 12546 | Lair:3   | Killed a one-headed hydra
 12546 | Lair:3   | Reached ****** piety under Okawaru
 12601 | Lair:3   | Received a gift from Okawaru
 12631 | Lair:3   | Got an ichor-stained hat {god gift}
 12637 | Lair:3   | Identified the +0 hat of the Bells {Int+2} (Okawaru gifted it to you on level 3 of the Lair of Beasts)
 13100 | Lair:3   | Noticed a six-headed hydra
 13110 | Lair:3   | Killed a one-headed hydra
 13115 | Lair:4   | Found a staircase to the Snake Pit.
 13189 | Lair:4   | Noticed a six-headed hydra
 13197 | Lair:4   | Killed a two-headed hydra
 13379 | Lair:4   | Reached skill level 13 in Shields
 13541 | Lair:4   | Noticed a seven-headed hydra
 13553 | Lair:4   | Killed a three-headed hydra
 13697 | Lair:4   | Noticed a four-headed hydra
 13706 | Lair:4   | Killed a one-headed hydra
 14054 | Lair:5   | You fall through a shaft!
 14054 | Lair:6   | Entered Level 6 of the Lair of Beasts
 14070 | Lair:6   | Reached XP level 13. HP: 97/116 MP: 8/12
 14214 | Lair:5   | Received a gift from Okawaru
 14214 | Lair:5   | Reached skill level 15 in Long Blades
 14985 | Lair:5   | Found a viscous altar of Jiyva.
 14985 | Lair:5   | Found a staircase to the Slime Pits.
 15101 | Lair:6   | Received a gift from Okawaru
 15131 | Lair:6   | Reached skill level 14 in Shields
 16489 | Lair:6   | Reached XP level 14. HP: 99/127 MP: 10/13
 16533 | Lair:6   | Reached skill level 15 in Shields
 16580 | Lair:6   | Received a gift from Okawaru
 16599 | Lair:6   | Got a pair of spiked boots {god gift}
 16609 | Lair:6   | Identified the +2 pair of boots of the Loofah {*Slow rElec MR+ Str+2} (Okawaru gifted it to you on level 6 of the Lair of Beasts)
 17744 | D:11     | Noticed Maurice
 17817 | D:11     | Killed Maurice
 18115 | D:11     | Noticed Grum
 18130 | D:11     | Killed Grum
 18162 | D:11     | Found a staircase to the Orcish Mines.
 18341 | D:11     | Found a portal to a secret trove of treasure.
 18541 | D:11     | Noticed Erica
 18556 | D:11     | Killed Erica
 19219 | D:12     | Found a labyrinth entrance.
 19227 | Lab      | Entered a labyrinth
 19358 | Lab      | Found an exit through the horrors of the Abyss.
 20573 | Lab      | Reached skill level 15 in Armour
 20577 | Lab      | Got a steaming crystal plate armour
 20578 | Lab      | Got a shimmering helmet
 20591 | Lab      | Identified the +5 crystal plate armour "Eneosiwo" {rC- Int+2 Slay+5} (You found it in a labyrinth)
 20612 | D:12     | Reached skill level 16 in Shields
 21893 | D:13     | Noticed a war gargoyle
 21917 | D:13     | Killed a war gargoyle
 21917 | D:13     | Received a gift from Okawaru
 21920 | D:13     | Reached XP level 15. HP: 109/137 MP: 9/15
 22220 | D:13     | Reached skill level 1 in Evocations
 22344 | D:13     | Noticed janiczek's ghost (journeyman MiBe)
 22358 | D:13     | Killed janiczek's ghost
 22523 | D:13     | Found Uleg's Antique Armour Boutique.
 22528 | D:13     | Bought an obsidian-encrusted plate armour for 952 gold pieces
 22539 | D:13     | Identified the +3 plate armour of the Turtle {rPois Dex+2} (You bought it in a shop on level 13 of the Dungeon)
 22661 | D:14     | Found a blossoming altar of Fedhas.
 22829 | D:14     | Reached skill level 17 in Shields
 22903 | D:14     | Found a gate to the Vaults.
 23446 | D:15     | Entered Level 15 of the Dungeon
 23460 | D:14     | Received a gift from Okawaru
 24182 | D:15     | Found a staircase to the Depths.
 24357 | D:15     | Found Qekhlytto's Weapon Shoppe.
 24647 | Orc:1    | Entered Level 1 of the Orcish Mines
 24779 | Orc:1    | Found Puduna's Armour Emporium.
 24788 | Orc:1    | Noticed Josephine
 24794 | Orc:1    | Found Yghufyef's Distillery.
 24797 | Orc:1    | Killed Josephine
 24797 | Orc:1    | Received a gift from Okawaru
 24829 | Orc:1    | Got a warped chain mail {god gift}
 24852 | Orc:1    | Bought a potion of berserk rage for 90 gold pieces
 25038 | Orc:1    | Identified the +4 chain mail "Riumuck" {Str+5} (Okawaru gifted it to you on level 1 of the Orcish Mines)
 25050 | Orc:2    | Entered Level 2 of the Orcish Mines
 25050 | Orc:2    | Found a staircase to the Elven Halls.
 25923 | Orc:2    | HP: 5/139 [orc priest/divine providence (16)]
 26425 | Orc:2    | Reached skill level 15 in Fighting
 26602 | Orc:2    | Reached XP level 16. HP: 122/149 MP: 16/16
 26749 | Orc:2    | Found Wishrylu's Gadget Boutique.
 26749 | Orc:2    | Found Ixtomomm's Gadget Boutique.
 26750 | Orc:2    | Found Urchumaf's Distillery.
 26750 | Orc:2    | Found Biehox's Armour Boutique.
 26943 | Orc:2    | Bought the +0 cloak of Tenacity {rElec rPois rF- Str+7} for 486 gold pieces
 26956 | Orc:2    | Bought a wand of heal wounds (3/9) for 588 gold pieces
 26961 | Orc:2    | Bought 2 potions of cure mutation for 600 gold pieces
 26961 | Orc:2    | Bought a potion of might for 48 gold pieces
 26961 | Orc:2    | Bought a potion of might for 48 gold pieces
 27236 | Lair:1   | Reached skill level 18 in Shields
 27290 | Snake:1  | Entered Level 1 of the Snake Pit
 27870 | Snake:2  | Received a gift from Okawaru
 28133 | Snake:2  | Noticed ShornTheSheep's ghost (adept GrBe)
 28150 | Snake:2  | Killed ShornTheSheep's ghost
 28492 | Snake:2  | Found a shimmering altar of Xom.
 29255 | Snake:3  | Reached skill level 19 in Shields
 29342 | Snake:3  | Found Fuacrau's Gadget Shoppe.
 29343 | Snake:3  | Found Gevaec's Jewellery Boutique.
 29343 | Snake:3  | Found Kosasum's Jewellery Boutique.
 29357 | Snake:3  | Bought a +5 amulet of reflection for 325 gold pieces
 29460 | Snake:4  | Entered Level 4 of the Snake Pit
 29527 | Snake:4  | Received a gift from Okawaru
 29615 | Snake:4  | Noticed Louise
 29643 | Snake:4  | Reached XP level 17. HP: 112/159 MP: 17/17
 29647 | Snake:4  | Noticed Aizul
 29714 | Snake:4  | Cast into level 3 of the Abyss (Louise)
 29714 | Abyss:3  | Found a corrupted altar of Lugonu.
 29784 | Snake:4  | Escaped the Abyss
 29792 | Snake:3  | Killed Aizul
 30092 | Snake:4  | Killed Louise
 30477 | Snake:4  | Received a gift from Okawaru
 30656 | Snake:4  | Noticed Roxanne
 30673 | Snake:4  | Killed Roxanne
 30674 | Snake:4  | Identified Roxanne's Almanac of Transmigration (You took it off Roxanne on level 4 of the Snake Pit)
 30952 | Snake:4  | Received a gift from Okawaru
 30969 | Snake:4  | Noticed Mara
 30969 | Snake:4  | Noticed maxonian's ghost (adept VSFi)
 30999 | Snake:4  | Noticed Peloso's illusion
 31346 | Snake:4  | Noticed Peloso's illusion
 31350 | Snake:4  | Killed maxonian's ghost
 31850 | Snake:4  | Noticed Peloso's illusion
 31855 | Snake:4  | Killed Mara
 31855 | Snake:4  | Reached skill level 20 in Shields
 31971 | Snake:4  | Got a serpentine rune of Zot
 32439 | Shoals:1 | Entered Level 1 of the Shoals
 32463 | Shoals:1 | Received a gift from Okawaru
 32968 | Shoals:1 | Found a frozen archway.
 32976 | IceCv    | Entered an ice cave
 32976 | IceCv    | Noticed MudBrick2's ghost (journeyman DsGl)
 32990 | IceCv    | Killed MudBrick2's ghost
 33065 | IceCv    | Reached XP level 18. HP: 170/170 MP: 18/18
 33247 | IceCv    | HP: 4/170 [white very ugly thing (73)]
 33834 | Shoals:1 | Received a gift from Okawaru
 33862 | Shoals:2 | Noticed Frances
 33874 | Shoals:2 | Killed Frances
 33962 | Shoals:2 | Noticed Polyphemus
 34196 | Shoals:2 | Killed Polyphemus
 34227 | Shoals:2 | Found a runed door.
 34438 | Shoals:2 | Found Onyguje's Armour Boutique.
 35043 | Shoals:3 | Reached skill level 21 in Shields
 35973 | Shoals:4 | Entered Level 4 of the Shoals
 36014 | Shoals:4 | Gained mutation: Your mind is acute. (Int +2) [potion of beneficial mutation]
 36102 | Shoals:4 | Received a gift from Okawaru
 36164 | Shoals:4 | Noticed Ilsuiw
 36288 | Shoals:4 | Killed Ilsuiw
 36641 | Shoals:4 | Got a barnacled rune of Zot
 36955 | Shoals:4 | Reached skill level 22 in Shields
 37428 | Shoals:4 | Reached XP level 19. HP: 179/180 MP: 19/19
 37830 | Elf:1    | Entered Level 1 of the Elven Halls
 38060 | Elf:1    | Received a gift from Okawaru
 38066 | Elf:1    | Got a pair of steaming boots {god gift}
 38077 | Elf:1    | Identified the -3 pair of boots "Maass" {+Blink Int+3 Stlth+} (Okawaru gifted it to you on level 1 of the Elven Halls)
 38664 | Elf:1    | Reached skill level 23 in Shields
 38706 | Elf:1    | Killed from afar by a fire dragon

Skill      XL: |  1  2  3  4  5  6  7  8  9 10 11 12 13 14 15 16 17 18 19 |
---------------+----------------------------------------------------------+-----
Armour         | 4 5 6 7 9 11 12 14 15 16 17 18 19 | 19.1
Shields        | 4 5 6 7 9 10 12 13 14 16 17 19 20 22 23 | 23.1
Fighting       | 4 5 6 7 8 10 11 12 13 15 16 17 18 | 18.7
Long Blades    | 3 4 5 7 9 11 12 13 14 15 16 17 18 19 | 19.3
Dodging        | 1 2 3 |  3.1
Invocations    | 1 |  1.9
Stealth        | 1 |  1.3
Evocations     | 1 |  1.4

Action                   |  1- 3 |  4- 6 |  7- 9 | 10-12 | 13-15 | 16-18 | 19-21 || total
-------------------------+-------+-------+-------+-------+-------+-------+-------++-------
Melee: Long sword        |   115 |   204 |   462 |    78 |       |   536 |   201 ||  1596
       Headbutt          |    19 |    45 |   112 |   209 |   579 |   543 |    80 ||  1587
       Falchion          |       |       |       |   313 |   620 |       |       ||   933
       Scimitar          |       |       |       |   396 |   549 |       |    37 ||   982
       Double sword      |       |       |       |       |   638 |  1053 |       ||  1691
Invok: Heroism           |       |       |     3 |     2 |    11 |     7 |     1 ||    24
Evoke: Wand              |       |       |       |       |     5 |     7 |       ||    12
  Use: Potion            |     1 |       |     4 |     2 |     2 |     2 |     1 ||    12
       Scroll            |     2 |     3 |     6 |    18 |     4 |    12 |       ||    45
  Eat: Bread ration      |     1 |       |       |       |       |       |       ||     1
       Chunk             |       |     4 |    11 |    23 |    44 |    27 |     3 ||   112
       Fruit             |       |       |       |     8 |     7 |     2 |     2 ||    19
       Royal jelly       |       |       |       |     1 |       |       |       ||     1
Armor: Scale mail        |    18 |       |       |       |       |       |       ||    18
       Chain mail        |    47 |       |       |       |       |       |       ||    47
       Plate armour      |     8 |   125 |   237 |   347 |   480 |       |       ||  1197
       Crystal plate arm |       |       |       |       |   697 |  1148 |    95 ||  1940
Dodge: Dodged            |    33 |    28 |    76 |   192 |   443 |   427 |    37 ||  1236
Block: Shield            |    62 |    98 |   230 |   433 |   819 |   796 |   260 ||  2698
       Buckler           |       |       |       |       |   300 |   740 |       ||  1040
       Reflection        |       |       |       |       |       |   158 |    25 ||   183
       Rpst.: Long sword |    10 |     7 |    22 |     4 |       |    18 |     7 ||    68
       Scimitar          |       |       |       |    36 |    32 |       |     1 ||    69
       Falchion          |       |       |       |    13 |    31 |       |       ||    44
       Double sword      |       |       |       |       |    37 |    60 |       ||    97
